 Dungeon Crawl Stone Soup version 0.20-a0-1127-g1289703 (webtiles) character file.

98 HankScorpio the Firebug (level 4, 0/36 HPs)
             Began as a Deep Elf Fire Elementalist on May 19, 2017.
             Was an Initiate of Vehumet.
             Slain by an adder (1 damage)
             ... on level 2 of the Dungeon.
             The game lasted 00:05:03 (1766 turns).

HankScorpio the Firebug (DEFE)                      Turns: 1766, Time: 00:05:03

Health: 0/36       AC: 22    Str:  5    XL:     4   Next: 44%
Magic:  2/11       EV:  2    Int: 26    God:    Vehumet [......]
Gold:   53         SH:  0    Dex: 15    Spells: 4/10 levels left

rFire    . . .     SeeInvis .   (no weapon)
rCold    . . .     Gourm    .   (no shield)
rNeg     + + +     Faith    .   (armour currently unavailable)
rPois    +         Spirit   .   (helmet currently unavailable)
rElec    .         Reflect  .   (cloak currently unavailable)
rCorr    .         Harm     .   (gloves currently unavailable)
MR       .....     NoTele   +   (boots currently unavailable)
Stlth    ++........             (no amulet)
Regen    0.2/turn               (no ring)
MPRegen  0.2/turn               (no ring)

@: brilliant, lethally poisoned (0 -> -2), tree-form, very slightly
contaminated, invisible
A: no striking features
a: Renounce Religion


You were on level 2 of the Dungeon.
You worshipped Vehumet.
Vehumet was noncommittal.
You were hungry.
You were a tree.
You visited 1 branch of the dungeon, and saw 2 of its levels.

You collected 53 gold pieces.

Inventory:

Missiles
 d - 26 sling bullets
Armour
 a - a +0 robe (melded)
Jewellery
 f - an uncursed amulet of faith {unknown}
Scrolls
 j - 3 scrolls of remove curse
 l - 3 scrolls of identify
 m - a scroll of fear {unknown}
 o - a scroll of teleportation {unknown}
Potions
 r - a potion of lignification
Books
 b - a book of Flames

   Spells                             Type                      Level
   a - Flame Tongue                   Conjuration/Fire             1
   b - Throw Flame                    Conjuration/Fire             2
   c - Conjure Flame                  Conjuration/Fire             3
   d - Inner Flame                    Hexes/Fire                   3
   e - Sticky Flame                   Conjuration/Fire             4
   f - Fireball                       Conjuration/Fire             5
Comestibles
 c - 2 bread rations
 n - 2 meat rations
 q - 2 fruits


   Skills:
 - Level 2.4 Dodging
 - Level 2.4 Stealth
 + Level 3.7 Spellcasting
 + Level 2.7 Conjurations
 * Level 4.7 Fire Magic


You had 4 spell levels left.
You knew the following spells:

 Your Spells              Type           Power        Failure   Level  Hunger
a - Flame Tongue          Conj/Fire      #####        1%          1    None
b - Throw Flame           Conj/Fire      #####.       1%          2    #......
c - Conjure Flame         Conj/Fire      #####...     1%          3    ##.....


Dungeon Overview and Level Annotations

Branches:
Dungeon (2/15)

Altars:
Nemelex Xobeh
Vehumet

Annotations:
D:2 Robin


Message History

You feel sick. The adder bites you but does no damage.
As you read the scroll labeled TYAXZA HIALY, it crumbles to dust.
The creatures around you are filled with an inner flame!
It was a scroll of immolation.
The adder bites you but does no damage. x2
As you read the scroll labeled YMAKIR XAHU, it crumbles to dust.
You cannot teleport because you are held in place by your roots.
It was a scroll of blinking.
* * * LOW HITPOINT WARNING * * *
You feel sick. The adder bites you.
* * * LOW HITPOINT WARNING * * *
Okay, then.
You cannot move.
You cannot move.
As you read the scroll labeled YLOPNO COFI, it crumbles to dust.
It is a scroll of amnesia.
Forget which spell ([?*] list [ESC] exit)?
Forget which spell ([?*] list [ESC] exit)?
Okay, then.
The adder bites you.
You die...

### ## ####### .>
..## #.....#
.#....#
#.###.#####.....#.
#.##......♣S......
#.##..#####......#
#.##..# .##..##
#..)..# .. .# #
####.## ### # #.#
# #####.##### #
#......<..#
######.##...##.#


You could see an adder (inner flame).

Vanquished Creatures
  Jessica (D:2)
  An adder (D:2)
  An ooze (D:2)
  2 worms (D:2)
  3 dart slugs
  A leopard gecko (D:1)
  A ball python (D:2)
  6 bats
  9 goblins
  4 hobgoblins
  2 jackals (D:1)
  8 kobolds
  A quokka (D:2)
  2 frilled lizards
  4 rats
46 creatures vanquished.

Notes
Turn   | Place    | Note
-------+----------+-------------------------------------------
     0 | D:1      | HankScorpio the Deep Elf Fire Elementalist began the quest for the Orb.
     0 | D:1      | Reached XP level 1. HP: 10/10 MP: 6/6
    68 | D:1      | Reached XP level 2. HP: 10/15 MP: 1/8
   337 | D:1      | Reached skill level 4 in Fire Magic
   405 | D:1      | Reached XP level 3. HP: 17/19 MP: 2/9
   858 | D:2      | Learned a level 3 spell: Conjure Flame
   887 | D:2      | Found a sparkling altar of Nemelex Xobeh.
  1116 | D:2      | Learned a level 2 spell: Throw Flame
  1382 | D:2      | Noticed Jessica
  1391 | D:2      | Killed Jessica
  1391 | D:2      | Reached XP level 4. HP: 23/24 MP: 7/11
  1414 | D:2      | Found a radiant altar of Vehumet.
  1449 | D:2      | Became a worshipper of Vehumet
  1616 | D:2      | Noticed Robin
  1765 | D:2      | HP: 1/36 [adder (2)]
  1766 | D:2      | Slain by an adder

Vault maps used:
D:1:      zaba_arrival_water, st_stairs_13
D:2:      nemelex_xobeh_ov_fountains_minmay, vehumet_crystals, serial_aquarium,
          aquarium_bridge_square, aquarium_window_fake, aquarium_window_1,
          aquarium_window_3, aquarium_view_2b, aquarium_balcony_3b, uniq_robin,
          uniq_jessica

Skill      XL: |  1  2  3 |
---------------+----------+-----
Fire Magic     | 4 |  4.7
Conjurations   | 2 |  2.7
Dodging        | |  2.4
Stealth        | |  2.4
Spellcasting   | |  3.7

Action                   |  1- 3 |  4- 6 || total
-------------------------+-------+-------++-------
Melee: Unarmed           |    12 |     3 ||    15
 Cast: Flame Tongue      |    65 |    16 ||    81
       Throw Flame       |     1 |     6 ||     7
       Conjure Flame     |     1 |     2 ||     3
  Use: Scroll            |       |     4 ||     4
       Potion            |       |     4 ||     4
 Stab: Sleeping          |     1 |       ||     1
  Eat: Chunk             |     1 |     1 ||     2
Armor: Robe              |     4 |     2 ||     6
       Skin              |       |     8 ||     8
Dodge: Dodged            |    13 |     2 ||    15
